Map: Eternal Empire LE

Players

PtitDrogo - Winner!

  • Race: Protoss Protoss
  • Spawn Location: 7:00

MarineLorD

  • Race: Terran Terran
  • League: Master
  • Spawn Location: 1:00

Event: DreamHack SC2 Masters 2020 Fall

VOD

Have the link to the VOD?

Description

Time

  • Played on: Sept. 12, 2020, 11:17 a.m.
  • Length: 15:23

All games in this series

Show
View Real Time Build Order
Export as new Build Order

PtitDrogo Protoss - Winner!

Build Orders:  

Get SALT Encoding   

  12  0:00  Probe  
  13  0:12  Probe  
  14  0:17  Pylon  
  14  0:24  Probe  
  15  0:35  Gateway  
  15  0:36  Probe (Chrono Boost)  
  16  0:46  Probe (Chrono Boost), Assimilator  
  17  0:51  Probe (Chrono Boost)  
  18  1:03  Probe  
  19  1:25  Cybernetics Core  
  19  1:31  Probe  
  20  1:37  Pylon  
  20  1:55  Nexus  
  20  1:56  Probe  
  20  2:01  Adept (Chrono Boost)  
  22  2:11  Shield Battery  
  22  2:13  Probe  
  23  2:17  Warp Gate  
  23  2:21  Adept (Chrono Boost)  
  23  2:28  Probe  
  26  2:32  Assimilator  
  26  2:40  Probe  
  26  2:43  Adept  
  29  2:52  Probe  
  29  2:54  Twilight Council  
  31  3:07  Probe (Chrono Boost)  
  31  3:11  Probe (Chrono Boost)  
  34  3:21  Probe x2 (Chrono Boost), Stalker  
  36  3:27  Gateway  
  36  3:28  Probe  
  36  3:29  Probe (Chrono Boost)  
  38  3:37  Gateway  
  38  3:40  Probe (Chrono Boost)  
  40  3:48  Probe (Chrono Boost)  
  40  3:51  Probe (Chrono Boost), Sentry  
  43  3:59  Probe, Robotics Facility  
  44  4:04  Probe  
  44  4:05  Shield Battery  
  44  4:07  Blink (Chrono Boost)  
  45  4:13  Probe (Chrono Boost)  
  46  4:22  Assimilator  
  46  4:26  Pylon  
  46  4:29  Robotics Facility  
  46  4:31  Probe (Chrono Boost)  
  46  4:33  Probe (Chrono Boost)  
  46  4:37  Pylon  
  46  4:44  Probe x2  
  48  4:56  Probe  
  48  4:57  Nexus  
  48  4:58  Stalker  
  51  5:02  Stalker  
  51  5:10  Probe (Chrono Boost)  
  51  5:12  Stalker  
  54  5:14  Probe (Chrono Boost)  
  56  5:22  Probe (Chrono Boost)  
  56  5:25  Warp Prism  
  56  5:26  Probe (Chrono Boost)  
  59  5:31  Probe x2 (Chrono Boost)  
  59  5:33  Pylon  
  59  5:35  Observer  
  62  5:44  Pylon  
  62  5:52  Probe x2  
  62  5:56  Warp Prism  
  66  5:57  Sentry x2  
  70  6:05  Gateway x2  
  70  6:09  Gateway  
  68  6:24  Probe x2  
  70  6:26  Gateway  
  70  6:28  Gateway  
  70  6:30  Shield Battery, Zealot x2  
  70  6:31  Zealot  
  76  6:41  Immortal (Chrono Boost)  
  80  6:47  Pylon  
  80  6:53  Probe x2 (Chrono Boost), Charge (Chrono Boost)  
  80  6:54  Probe (Chrono Boost)  
  83  7:05  Probe (Chrono Boost), Stalker x2  
  83  7:06  Stalker  
  88  7:10  Probe (Chrono Boost)  
  88  7:11  Probe (Chrono Boost)  
  88  7:12  Probe (Chrono Boost)  
  87  7:17  Probe x2 (Chrono Boost)  
  87  7:21  Templar Archives  
  89  7:25  Zealot x2  
  89  7:26  Zealot x3  
  89  7:28  Pylon  
  99  7:30  Pylon  
  99  7:32  Assimilator  
  99  7:51  Zealot  
  99  7:53  Zealot x7  
  99  7:58  Pylon  
  115  8:00  Pylon  
  111  8:06  Probe x2  
  105  8:17  Zealot x8  
  91  8:30  Probe  
  91  8:31  Immortal  
  91  8:32  Probe  
  81  8:36  Probe  
  81  8:38  Assimilator  
  81  8:41  High Templar x4  
  84  8:42  Probe, Zealot x4  
  84  8:45  Archon x2  
  99  9:02  Zealot x4  
  97  9:14  Zealot x4  
  93  9:22  Immortal  
  93  9:23  Zealot x4  
  87  9:34  Stalker x4  
  81  9:46  Probe  
  81  9:50  Stalker x2  
  81  9:51  Assimilator  
  78  10:00  Stalker x2  
  78  10:03  Psionic Storm  
  82  10:07  Nexus  
  82  10:11  Forge  
  82  10:12  Forge  
  82  10:21  High Templar x5  
  92  10:25  Probe x3  
  95  10:30  Pylon  
  95  10:33  Warp Prism (Chrono Boost)  
  97  10:36  Sentry  
  97  10:39  Zealot, Observer  
  92  10:51  Protoss Ground Weapons Level 1 (Chrono Boost)  
  92  10:53  Immortal (Chrono Boost)  
  92  10:54  Probe x2, High Templar x2  
  100  10:57  Probe  
  100  11:03  Protoss Ground Armor Level 1 (Chrono Boost)  
  101  11:06  Probe  
  102  11:15  Probe x2  
  102  11:16  Pylon  
  102  11:18  Probe  
  105  11:21  Probe  
  105  11:25  Immortal, Photon Cannon  
  110  11:26  Shield Battery  
  110  11:27  Probe x2  
  110  11:30  Probe, Immortal  
  110  11:32  High Templar  
  119  11:36  Probe, Photon Cannon  
  118  11:42  Probe  
  118  11:43  Assimilator  
  118  11:45  Assimilator  
  118  11:47  Stalker x2  
  123  11:50  Zealot x2  
  125  11:54  High Templar  
  125  11:55  High Templar  
  129  12:02  Archon  
  129  12:03  Stalker  
  131  12:09  Stalker  
  131  12:10  Zealot x4  
  141  12:16  Robotics Bay  
  141  12:18  Immortal  
  141  12:21  Immortal  
  149  12:30  High Templar  
  149  12:31  Zealot x2  
  155  12:40  Pylon  
  155  12:42  Pylon  
  155  12:44  Pylon  
  151  12:52  Pylon  
  151  12:55  Protoss Ground Weapons Level 2 (Chrono Boost), Protoss Ground Armor Level 2 (Chrono Boost)  
  155  13:03  Colossus (Chrono Boost)  
  155  13:06  Colossus (Chrono Boost)  
  155  13:11  Extended Thermal Lance  
  161  13:17  Shield Battery  
  161  13:18  High Templar  
  163  13:24  Pylon  
  161  13:27  High Templar x2  
  161  13:28  Zealot x5  
  161  13:32  Archon, Gateway  
  161  13:34  Gateway  
  162  13:48  Colossus (Chrono Boost)  
  148  13:58  Stalker x6  
  148  13:59  Observer  
  148  14:02  Colossus (Chrono Boost)  
  158  14:14  High Templar  
  158  14:15  High Templar  
  162  14:20  Nexus  
  162  14:27  High Templar  
  162  14:28  Zealot x5, High Templar  
  176  14:31  Pylon  
  176  14:33  Pylon  
  176  14:46  Stalker  
  176  14:47  Stalker  
  176  14:50  Probe  
  181  14:53  Stalker x5  
  159  15:18  Archon  
  159  15:20  Stalker x9  
Show
View Real Time Build Order
Export as new Build Order

MarineLorD Terran 

Build Orders:  

Get SALT Encoding   

  12  0:00  SCV  
  13  0:12  SCV  
  14  0:17  Supply Depot  
  14  0:24  SCV  
  15  0:39  Barracks  
  15  0:41  SCV  
  16  0:54  Barracks  
  16  0:58  SCV  
  17  1:05  Refinery  
  17  1:10  SCV  
  18  1:17  Refinery  
  18  1:22  SCV  
  19  1:26  Marine  
  19  1:29  Engineering Bay  
  19  1:34  Orbital Command  
  19  1:47  Reaper  
  20  1:59  SCV  
  21  2:01  Supply Depot  
  21  2:08  Factory  
  21  2:12  SCV  
  22  2:19  Reaper  
  23  2:24  SCV  
  24  2:36  SCV  
  25  2:40  Command Center  
  25  2:46  Supply Depot  
  25  2:48  SCV  
  26  2:55  Hellion  
  28  3:00  SCV  
  29  3:12  SCV  
  29  3:14  Starport  
  29  3:20  Widow Mine  
  31  3:28  SCV  
  31  3:30  Barracks  
  32  3:40  SCV  
  33  3:41  Widow Mine  
  35  3:50  Medivac  
  35  3:52  Orbital Command  
  35  3:53  SCV  
  38  4:07  SCV, Factory Tech Lab  
  39  4:18  Barracks Tech Lab  
  39  4:19  Orbital Command  
  39  4:20  SCV  
  39  4:21  Barracks Reactor  
  40  4:27  Cyclone  
  40  4:30  Supply Depot  
  43  4:33  SCV  
  43  4:36  Stimpack, Marine  
  45  4:46  SCV x2  
  47  4:59  SCV  
  48  5:00  SCV  
  49  5:08  Siege Tank  
  49  5:09  Marine x2  
  49  5:11  SCV, Marine  
  49  5:12  SCV  
  57  5:15  Command Center  
  54  5:22  Supply Depot  
  54  5:23  SCV  
  54  5:24  SCV  
  54  5:27  Marine x2  
  58  5:28  Marine  
  58  5:29  Liberator  
  62  5:37  Supply Depot  
  62  5:43  SCV x2, Barracks, Siege Tank  
  62  5:47  Marine x3  
  70  5:51  Engineering Bay  
  70  5:59  SCV x2  
  70  6:01  Supply Depot  
  70  6:02  Supply Depot  
  72  6:06  Marine x2  
  72  6:07  Marine  
  75  6:11  SCV x2  
  77  6:23  SCV x2, Siege Tank  
  77  6:24  Marine x3  
  82  6:25  Refinery  
  82  6:26  Terran Infantry Weapons Level 1, Refinery  
  82  6:30  Orbital Command  
  82  6:35  SCV x2  
  82  6:37  Combat Shield, Barracks Tech Lab  
  84  6:43  Supply Depot  
  84  6:45  Marine x2  
  84  6:46  Marauder  
  88  6:47  SCV  
  88  6:49  SCV  
  88  6:50  Orbital Command  
  88  6:59  SCV, Missile Turret  
  88  7:01  SCV, Marauder  
  88  7:07  Viking  
  90  7:12  SCV  
  90  7:13  SCV  
  92  7:17  Marine x2  
  92  7:19  SCV  
  95  7:24  SCV  
  95  7:25  SCV  
  95  7:27  Marauder  
  95  7:28  Concussive Shells, Marauder  
  101  7:31  SCV  
  101  7:35  Supply Depot  
  101  7:36  SCV, Siege Tank  
  106  7:37  Supply Depot  
  106  7:39  SCV  
  106  7:43  SCV  
  108  7:45  Supply Depot  
  108  7:46  Barracks x2  
  108  7:48  SCV  
  108  7:51  Missile Turret  
  109  7:52  SCV  
  109  7:53  Marauder x2  
  109  7:55  Marine x2  
  115  8:01  SCV x2  
  117  8:09  Refinery x2  
  117  8:11  SCV  
  111  8:15  Marine  
  111  8:16  Marine  
  96  8:22  Siege Tank  
  86  8:27  SCV x2  
  86  8:30  SCV, Marine x2  
  78  8:36  Marine  
  78  8:39  Medivac  
  78  8:40  Command Center  
  78  8:42  Marine x3  
  78  8:43  Terran Infantry Armor Level 1  
  78  8:45  SCV  
  78  8:46  SCV  
  78  8:48  SCV, Marine x2  
  84  8:54  Siege Tank  
  89  8:57  SCV  
  89  8:58  SCV  
  89  9:00  SCV  
  89  9:01  Marine  
  89  9:04  Marine x2  
  89  9:07  Command Center  
  89  9:09  SCV, Medivac  
  94  9:10  SCV  
  94  9:12  SCV  
  94  9:13  Marine x2  
  94  9:14  Marine  
  85  9:18  Marine  
  85  9:21  SCV  
  85  9:22  SCV, Marine x2  
  89  9:28  SCV  
  86  9:31  Marine  
  86  9:32  Marine  
  86  9:33  SCV  
  87  9:40  SCV  
  87  9:41  SCV  
  87  9:45  SCV, Marine  
  76  9:53  SCV x2  
  76  9:54  Marauder, Marine  
  76  9:55  Marauder  
  76  9:56  Armory, Engineering Bay  
  76  9:57  SCV, Siege Tank  
  86  10:01  Starport Reactor  
  86  10:02  Marine  
  86  10:03  Barracks Tech Lab  
  86  10:04  Barracks Reactor  
  86  10:05  SCV x2  
  86  10:09  SCV  
  86  10:11  Factory  
  86  10:12  Marine  
  88  10:15  Marine  
  88  10:16  Marauder  
  88  10:17  SCV x2  
  88  10:19  Orbital Command  
  93  10:21  SCV  
  93  10:23  Marauder, Marine  
  97  10:29  SCV x2, Siege Tank  
  97  10:30  Marine  
  97  10:33  SCV  
  97  10:34  Marauder  
  106  10:37  Medivac x2, Marine  
  106  10:41  SCV x2  
  113  10:46  SCV  
  113  10:48  Marauder, Marine x2  
  111  10:53  SCV x2, Terran Vehicle Weapons Level 1, Terran Infantry Armor Level 2, Terran Infantry Weapons Level 2  
  111  10:54  Ghost Academy  
  111  10:55  Marauder  
  109  10:57  Factory Tech Lab  
  109  10:58  SCV  
  109  11:01  Siege Tank  
  109  11:03  Marine  
  109  11:04  Marauder, Marine  
  116  11:05  SCV x2  
  116  11:10  SCV, Orbital Command, Marauder  
  122  11:14  Sensor Tower  
  122  11:17  SCV x2  
  124  11:19  Siege Tank  
  124  11:22  Marauder, Marine x2  
  124  11:23  Marine x2  
  124  11:25  Medivac, Marauder  
  137  11:33  Marine  
  137  11:37  Unknown  
  138  11:40  Missile Turret, Marine  
  138  11:42  Siege Tank  
  138  11:43  Supply Depot  
  142  11:51  Siege Tank  
  142  11:52  Ghost  
  142  11:53  Ghost  
  149  11:56  Marine  
  149  11:57  Marine  
  151  12:10  Command Center  
  151  12:13  Marauder, Marine x2  
  151  12:14  Marine  
  159  12:15  Siege Tank  
  159  12:19  Supply Depot  
  159  12:20  Supply Depot  
  159  12:21  Supply Depot  
  159  12:27  Siege Tank  
  162  12:32  Marauder  
  162  12:34  Marine  
  164  12:38  Supply Depot  
  164  12:39  Supply Depot  
  164  12:40  Marine x3  
  164  12:41  Marauder  
  164  12:42  Supply Depot  
  161  12:54  Marauder, Marine x2  
  161  12:56  SCV x2  
  161  12:58  Marine  
  159  12:59  SCV  
  163  13:05  Siege Tank x2  
  163  13:08  SCV, Marine x3  
  163  13:11  SCV x2  
  163  13:12  Marine x2  
  173  13:15  Marine  
  173  13:16  Marine  
  175  13:20  SCV  
  175  13:23  Sensor Tower  
  175  13:25  Barracks, Liberator x2  
  175  13:26  Marine x2, Barracks x2  
  186  13:27  Marauder  
  186  13:28  SCV  
  186  13:30  Marine x2  
  186  13:32  Missile Turret  
  186  13:33  SCV x2, Marine  
  186  13:34  Marine  
  192  13:37  Siege Tank  
  191  13:44  Marine x2  
  191  13:47  Marine  
  188  13:48  Marauder  
  188  13:49  Marauder  
  188  13:54  Marine  
  188  13:55  Marauder  
  151  14:02  Marine x2  
  142  14:07  Orbital Command  
  141  14:14  Siege Tank  
  144  14:21  Marauder, Marine  
  147  14:35  Unknown  
  147  14:39  Sensor Tower  
  147  14:47  Medivac x2  

Tags
 
Add a new tag
Caveats
  • Supply blocks, unpowered buildings, or Contaminate may cause inaccurate times.
  • Supply counts are checked every 10 seconds.